 Dungeon Crawl Stone Soup version 0.17.2-1-ge4368a0 (webtiles) character file.

35 ololoev the Skirmisher (level 3, -1/29 HPs)
             Began as a Demonspawn Fighter on Oct 26, 2016.
             Was an Initiate of Makhleb.
             Slain by ololoev's ghost (5 damage)
             ... on level 4 of the Dungeon.
             The game lasted 00:02:01 (310 turns).

ololoev the Skirmisher (Demonspawn Fighter)          Turns: 310, Time: 00:02:02

Health: -1/29      AC:  7    Str: 17    XL:     3   Next: 16%
Magic:  3/3        EV:  9    Int:  9    God:    Makhleb [......]
Gold:   13         SH:  0    Dex: 12    Spells: 0 memorised, 2 levels left

rFire  . . .     SeeInvis .     a - +0 war axe
rCold  . . .     Clarity  .     b - +0 scale mail
rNeg   . . .     SustAt   .     (no shield)
rPois  .         Gourm    .     (no helmet)
rElec  .         Spirit   .     (no cloak)
rCorr  .         Warding  .     (no gloves)
rMut   .         Stasis   .     f - +0 pair of boots (curse)
MR     .....                    (no amulet)
Stlth  ..........               (no ring)
                                (no ring)

@: not resistant to hostile enchantments, extremely unstealthy
A: rot immunity
a: Renounce Religion


Innate Abilities, Weirdness & Mutations

You are immune to rotting.

Inventory:

Hand Weapons
 a - a +0 war axe (weapon)
Armour
 b - a +0 scale mail (worn)
 f - a cursed +0 pair of boots (worn)
Scrolls
 c - a scroll of fog {unknown}
 d - a scroll of identify {unknown}
 g - a scroll of teleportation {unknown}
Comestibles
 e - 2 bread rations


   Skills:
 + Level 3.4 Fighting
 * Level 2.6 Axes
 + Level 3.0 Armour
   Level 2.6 Shields
 + Level 0.0 Invocations


You had 2 spell levels left.
You didn't know any spells.


You were on level 4 of the Dungeon.
You worshipped Makhleb.
Makhleb was noncommittal.
You were not hungry.

You visited 2 branches of the dungeon, and saw 5 of its levels.

You collected 13 gold pieces.

#.#...#....#.#.#
#.#...#....#.#.# #
...#.#....#....
#.###.#...#....[..
.................
.....#.##...####.
######.......####.
#.W......##....†..
#@######'###....#.
#.# ....##...#.
#.. ......#...+.
#### ._.$._.#...##
#..$$$..#...#
#############

Notes
Turn   | Place    | Note
--------------------------------------------------------------
     0 | D:1      | ololoev the Demonspawn Fighter began the quest for the Orb.
     0 | D:1      | Reached XP level 1. HP: 18/18 MP: 1/1
   144 | D:3      | Noticed Terence
   152 | D:3      | Killed Terence
   152 | D:3      | Gained mutation: You are immune to rotting. [demonic ancestry]
   152 | D:3      | Reached XP level 2. HP: 18/24 MP: 2/2
   152 | D:3      | Reached XP level 3. HP: 21/29 MP: 3/3
   196 | D:4      | Found a staircase to the Ecumenical Temple.
   199 | Temple   | Entered the Ecumenical Temple
   245 | Temple   | Became a worshipper of Makhleb the Destroyer
   288 | D:4      | Noticed ololoev's ghost (amateur DsFi)
   293 | D:4      | Found an opulent altar of Gozag.
   293 | D:4      | Found a glowing silver altar of Zin.
   310 | D:4      | Slain by ololoev's ghost

Dungeon Overview and Level Annotations

Branches:
Dungeon (4/15)             Temple (1/1) D:4

Altars:
Cheibriados
Fedhas
Gozag
Makhleb
Vehumet
Xom
Zin
The Shining One

Annotations:
D:4 ololoev's ghost, amateur DsFi


Message History

You slash the quokka!
You kill the quokka!
Makhleb accepts your kill.
d - a scroll labeled ZAIHEA WIAPLI Ololoev's ghost (amateur Demonspawn Fighter) comes into view.
Ololoev's ghost turns its malevolent gaze towards you.
You see here 5 gold pieces.
Found a scroll labeled LIONYT CUNNITUL.
You see here 5 gold pieces.
You now have 13 gold pieces (gained 5).
You open the door.
Found 6 gold pieces.
Found an opulent altar of Gozag and a glowing silver altar of Zin.
You aren't carrying any potions.
You see here a scroll labeled LIONYT CUNNITUL.
g - a scroll labeled LIONYT CUNNITUL You hit ololoev's ghost but do no damage.
Ololoev's ghost barely misses you.
You hit ololoev's ghost but do no damage.
Ololoev's ghost hits you but does no damage.
You barely miss ololoev's ghost. Ololoev's ghost hits you!
Ololoev's ghost hits you but does no damage.
You barely miss ololoev's ghost. Ololoev's ghost hits you!
You slash ololoev's ghost!
Ololoev's ghost is moderately damaged.
Ololoev's ghost hits you.
You hit ololoev's ghost but do no damage.
Ololoev's ghost is moderately damaged.
Ololoev's ghost hits you but does no damage.
Ololoev's ghost hits you.
You barely miss ololoev's ghost.
Ololoev's ghost is moderately damaged.
Ololoev's ghost closely misses you.
You hit ololoev's ghost but do no damage.
Ololoev's ghost is moderately damaged.
Ololoev's ghost misses you.
You hit ololoev's ghost.
Ololoev's ghost is moderately damaged.
Ololoev's ghost hits you.
You die...

You could see ololoev's ghost.

Vanquished Creatures
  Terence (D:3)
  A giant cockroach (D:3)
  A goblin (D:2)
  2 hobgoblins
  A kobold (D:3)
  A quokka (D:4)
  A bat (D:1)
  A giant newt (D:1)
9 creatures vanquished.

Action                   || total
-------------------------++-------
Melee: War axe           ||    33
  Use: Potion            ||     1

Vault maps used:
D:1:      minmay_arrival_open_corners
D:2:      overflow_temple_1_default, old_standard_altar, serial_bayou_pond_d,
          trog_hazing_becter
D:3:      ashenzari_altar_1, marbit_many_paths, portal_sewer_entry_b,
          first_bread, led_xom_imps, uniq_terence, uniq_robin
D:4:      grunt_temple_overflow_gold_and_silver, lemuel_crystal_altar,
          uniq_menkaure
Temple:   circular_temple_6
